Hartford Whalers vs Colorado Rockies
Created - Sunday, April 14, 2024 at 08:29
Goals
|
| Hartford Whalers |
0 |
0 |
3 |
3 |
| Colorado Rockies |
1 |
1 |
0 |
2 |
|
Shots
|
| Hartford Whalers |
13 |
8 |
17 |
38 |
| Colorado Rockies |
10 |
11 |
14 |
35 |
|
1st period
1. Colorado Rockies , Jesper Bratt 18 (David Pastrnak 26, Tim Stutzle 26) at 12:30
Penalties :
Nikita Zadorov (COL) for Hooking (Minor) at 8:21, Vince Dunn (COL) for Hooking (Minor) at 14:17
2nd period
2. Colorado Rockies , Kyle Connor 13 (Quinn Hughes 23, David Pastrnak 27) at 1:23 (PP)
Penalties :
T.J. Oshie (HFD) for Holding (Minor) at 0:47, Quinn Hughes (COL) for Delaying the game (Minor) at 3:52, Andrew Peeke (COL) for Fighting (Major) at 13:08, Marcus Foligno (HFD) for Fighting (Major) at 13:08, Marcus Foligno (HFD) for instigated a fight (Minor) at 13:08, Marcus Foligno (HFD) for instigated a fight (10 Minutes Misconduct) at 13:08
3rd period
3. Hartford Whalers , Taylor Hall 18 (Alexander Wennberg 32, T.J. Oshie 17) at 3:21
4. Hartford Whalers , Joshua Norris 18 (Mike Hoffman 10, Ryan Strome 8) at 5:57
5. Hartford Whalers , Taylor Hall 19 (Thomas Chabot 18, Alexander Wennberg 33) at 7:15
Penalties :
No Penalty
Goalie Stats
Semyon Varlamov (HFD), 33 saves from 35 shots - (0.943), W, 16-22-3, 60:00 minutes
Andrei Vasilevskiy (COL), 35 saves from 38 shots - (0.921), L, 15-11-3, 58:52 minutes
Players Stats for Hartford Whalers
Player Name G A P +/- PIM S H SB GA TA FO MP PP MP PK MP
------------------------------------------------------------------------------------
Alexander Wennberg 0 2 2 2 0 3 0 1 1 0 11/22 19:15 2:11 1:07
Alexis Lafreniere 0 0 0 0 0 0 0 0 0 0 0/0 17:58 2:24 0:00
Andre Burakovsky 0 0 0 0 0 4 2 0 2 1 0/1 17:41 2:17 0:00
Casey Cizikas 0 0 0 -1 0 2 0 3 0 0 7/13 15:24 1:00 1:28
Eetu Luostarinen 0 0 0 -1 0 1 1 1 0 0 1/2 14:22 0:27 1:28
Erik Cernak 0 0 0 0 0 0 3 3 0 0 0/0 19:17 0:00 1:17
Jaccob Slavin 0 0 0 1 0 1 0 4 0 1 0/0 23:44 2:54 1:18
Joel Edmundson 0 0 0 0 0 0 0 0 0 1 0/0 18:43 0:00 1:17
Josh Anderson 0 0 0 -1 0 5 1 0 0 1 0/1 14:29 1:03 1:07
Joshua Norris 1 0 1 1 0 8 1 0 0 0 9/17 16:45 2:19 0:00
Marcus Foligno 0 0 0 0 17 2 2 1 0 0 0/0 7:33 1:03 0:00
Mike Hoffman 0 1 1 1 0 0 0 0 1 0 0/1 8:33 0:27 0:00
Nikita Zaitsev 0 0 0 1 0 2 0 4 0 0 0/0 18:03 3:03 1:18
Olli Maatta 0 0 0 1 0 0 1 0 0 1 0/0 16:59 3:03 0:00
Ryan Strome 0 1 1 1 0 3 1 0 0 1 2/5 9:12 0:40 0:00
T.J. Oshie 0 1 1 2 2 0 1 0 0 0 1/1 18:07 2:00 0:00
Taylor Hall 2 0 2 2 0 5 1 1 1 0 1/2 18:04 2:00 0:00
Thomas Chabot 0 1 1 1 0 2 1 1 0 0 0/0 23:14 2:54 0:00
Players Stats for Colorado Rockies
Player Name G A P +/- PIM S H SB GA TA FO MP PP MP PK MP
------------------------------------------------------------------------------------
Andrew Peeke 0 0 0 0 5 0 2 1 0 1 0/0 21:07 0:00 2:48
David Pastrnak 0 2 2 -2 0 1 0 0 1 0 0/1 15:54 0:55 0:00
Evgeny Kuznetsov 0 0 0 0 0 1 2 0 1 0 2/6 13:41 0:00 0:51
Jesper Bratt 1 0 1 -2 0 2 0 2 1 0 0/3 17:33 1:40 0:52
Kevin Hayes 0 0 0 0 0 2 0 0 0 0 1/1 12:10 0:00 0:00
Kyle Connor 1 0 1 0 0 4 0 0 0 0 0/0 17:54 0:55 0:55
Kyle Palmieri 0 0 0 0 0 5 0 0 0 0 0/0 7:50 0:00 0:00
Martin Fehervary 0 0 0 0 0 0 2 0 0 0 0/0 13:19 0:00 1:25
Michael Bunting 0 0 0 0 0 1 0 0 0 0 0/0 8:22 0:00 0:00
Nick Bonino 0 0 0 0 0 1 0 1 0 0 6/10 10:05 0:00 2:40
Nick Schmaltz 0 0 0 0 0 5 3 0 1 1 0/0 16:06 1:40 1:57
Nikita Kucherov 0 0 0 0 0 2 1 0 0 0 0/2 16:16 0:36 0:00
Nikita Zadorov 0 0 0 0 2 2 0 1 0 0 0/0 14:36 0:00 1:34
Quinn Hughes 0 1 1 -2 2 1 0 1 0 1 0/0 24:33 0:36 2:26
Ryan O'Reilly 0 0 0 0 0 4 2 1 1 0 9/17 19:20 1:40 2:03
Tim Stutzle 0 1 1 -2 0 2 0 1 0 1 15/25 19:38 0:55 2:36
Victor Hedman 0 0 0 -2 0 1 4 1 0 1 0/0 24:53 1:59 2:29
Vince Dunn 0 0 0 0 2 1 0 2 1 0 0/0 20:42 1:59 1:12
3 Stars
1 - Taylor Hall (HFD)
2 - Alexander Wennberg (HFD)
3 - Semyon Varlamov (HFD)
Power Play
Hartford Whalers - 0 on 3 Attempt(s) - 0.00%
Colorado Rockies - 1 on 2 Attempt(s) - 50.00%
Penalty Kill
Hartford Whalers - 1 on 2 Attempt(s) - 50.00%
- Score 0 goal in Penalty Kill
Colorado Rockies - 3 on 3 Attempt(s) - 100.00%
- Score 0 goal in Penalty Kill
Team Stat
Hartford Whalers - Hits : 15 - Faceoff Wins : 32 - Blocked Shots : 19 - Penalty Minutes : 19
Colorado Rockies - Hits : 16 - Faceoff Wins : 33 - Blocked Shots : 11 - Penalty Minutes : 11
Official
Referees : Eric Furlatt and Jon Mclsaac
Linesman : Ryan Gibbons and Vaughan Rody
Game Notes
Andrew Peeke beats up Marcus Foligno at 13:08 of 2nd period
Finance
Level 1 -- Attendance: 6000 (100.00%) -- Ticket Income $540,000
Level 2 -- Attendance: 4449 (88.98%) -- Ticket Income $244,695
Level 3 -- Attendance: 2352 (78.40%) -- Ticket Income $82,320
Level 4 -- Attendance: 3500 (70.00%) -- Ticket Income $87,500
Luxury Box -- Attendance: 907 (90.70%) -- Ticket Income $158,725
Game was played at the Pepsi Center.
Total Attendance: 17208 (86.04%)
Total Ticket Income: $1,113,240
Other Income: $389,634
Total Income: $1,502,874
Hartford Whalers
5 vs 5 Forward
Center Left Wing Right Wing Time % Phy DF OF
1 Alexander Wennberg Taylor Hall T.J. Oshie 35 0 3 2
2 Joshua Norris Andre Burakovsky Alexis Lafreniere 30 0 3 2
3 Casey Cizikas Eetu Luostarinen Josh Anderson 25 0 3 2
4 Ryan Strome Mike Hoffman Marcus Foligno 10 0 3 2
5 vs 5 Defense
Defense Defense Time % Phy DF OF
1 Jaccob Slavin Thomas Chabot 38 1 2 2
2 Joel Edmundson Erik Cernak 37 1 3 1
3 Olli Maatta Nikita Zaitsev 25 1 2 2
4 Jaccob Slavin Thomas Chabot 0 1 2 2
PowerPlay Forward
Center Left Wing Right Wing Time % Phy DF OF
1 Alexander Wennberg Taylor Hall T.J. Oshie 50 0 1 4
2 Joshua Norris Andre Burakovsky Alexis Lafreniere 50 0 1 4
PowerPlay Defense
Defense Defense Time % Phy DF OF
1 Thomas Chabot Jaccob Slavin 50 0 2 3
2 Olli Maatta Nikita Zaitsev 50 0 2 3
Penalty Kill 4 Players Forward
Center Wing Time % Phy DF OF
1 Casey Cizikas Eetu Luostarinen 50 1 4 0
2 Alexander Wennberg Josh Anderson 50 1 4 0
Penalty Kill 4 Players Defense
Defense Defense Time % Phy DF OF
1 Joel Edmundson Erik Cernak 50 2 3 0
2 Jaccob Slavin Nikita Zaitsev 50 1 4 0
Penalty Kill - 3 Players Forward
Forward Time % Phy DF OF
1 Casey Cizikas 50 1 4 0
2 Alexander Wennberg 50 1 4 0
Penalty Kill - 3 Players Defense
Defense Defense Time % Phy DF OF
1 Joel Edmundson Erik Cernak 50 2 3 0
2 Jaccob Slavin Nikita Zaitsev 50 1 4 0
4 vs 4 Forward
Center Wing Time % Phy DF OF
1 Alexander Wennberg Andre Burakovsky 50 0 2 3
2 Casey Cizikas Josh Anderson 50 0 2 3
4 vs 4 Defense
Defense Defense Time % Phy DF OF
1 Thomas Chabot Jaccob Slavin 50 0 2 3
2 Joel Edmundson Erik Cernak 50 0 3 2
Last Minutes Offensive
Center Left Wing Right Wing Defense Defense
Alexander Wennberg Alexis Lafreniere Andre Burakovsky Thomas Chabot Jaccob Slavin
Last Minutes Defensive
Center Left Wing Right Wing Defense Defense
Casey Cizikas Eetu Luostarinen Josh Anderson Joel Edmundson Erik Cernak
Goaltenders
Starting : Semyon Varlamov
Backup : Anton Forsberg
Extra Forwards
Normal : Andre Burakovsky, Joshua Norris, Alexis Lafreniere - PP : Andre Burakovsky, Taylor Hall - PK : Casey Cizikas
Extra Defensemen
Normal : Jaccob Slavin, Joel Edmundson, Nikita Zaitsev - PP : Thomas Chabot - PK : Jaccob Slavin, Erik Cernak
Penalty Shots
Alexander Wennberg, Andre Burakovsky, T.J. Oshie, Taylor Hall, Josh Anderson
Colorado Rockies
5 vs 5 Forward
Center Left Wing Right Wing Time % Phy DF OF
1 Ryan O'Reilly Kyle Connor Nikita Kucherov 30 1 2 2
2 Tim Stutzle Jesper Bratt David Pastrnak 30 1 2 2
3 Evgeny Kuznetsov Nick Schmaltz Kevin Hayes 25 1 2 2
4 Nick Bonino Michael Bunting Kyle Palmieri 15 1 2 2
5 vs 5 Defense
Defense Defense Time % Phy DF OF
1 Victor Hedman Quinn Hughes 42 1 2 2
2 Vince Dunn Andrew Peeke 36 1 2 2
3 Martin Fehervary Nikita Zadorov 22 1 2 2
4 Victor Hedman Quinn Hughes 0 1 2 2
PowerPlay Forward
Center Left Wing Right Wing Time % Phy DF OF
1 Tim Stutzle Kyle Connor David Pastrnak 50 1 2 2
2 Ryan O'Reilly Jesper Bratt Nick Schmaltz 50 1 2 2
PowerPlay Defense
Defense Defense Time % Phy DF OF
1 Nikita Kucherov Quinn Hughes 50 1 2 2
2 Victor Hedman Vince Dunn 50 1 2 2
Penalty Kill 4 Players Forward
Center Wing Time % Phy DF OF
1 Ryan O'Reilly Nick Schmaltz 50 1 2 2
2 Nick Bonino Tim Stutzle 50 1 2 2
Penalty Kill 4 Players Defense
Defense Defense Time % Phy DF OF
1 Quinn Hughes Andrew Peeke 50 1 2 2
2 Victor Hedman Nikita Zadorov 50 1 2 2
Penalty Kill - 3 Players Forward
Forward Time % Phy DF OF
1 Ryan O'Reilly 50 1 2 2
2 Nick Bonino 50 1 2 2
Penalty Kill - 3 Players Defense
Defense Defense Time % Phy DF OF
1 Andrew Peeke Victor Hedman 50 1 2 2
2 Quinn Hughes Nikita Zadorov 50 1 2 2
4 vs 4 Forward
Center Wing Time % Phy DF OF
1 Tim Stutzle Nikita Kucherov 50 1 2 2
2 Ryan O'Reilly David Pastrnak 50 1 2 2
4 vs 4 Defense
Defense Defense Time % Phy DF OF
1 Victor Hedman Quinn Hughes 50 1 2 2
2 Nikita Zadorov Andrew Peeke 50 1 2 2
Last Minutes Offensive
Center Left Wing Right Wing Defense Defense
Ryan O'Reilly Kyle Connor Nikita Kucherov Victor Hedman Quinn Hughes
Last Minutes Defensive
Center Left Wing Right Wing Defense Defense
Ryan O'Reilly Kyle Connor Nikita Kucherov Victor Hedman Quinn Hughes
Goaltenders
Starting : Andrei Vasilevskiy
Backup : Joey Daccord
Extra Forwards
Normal : Michael Bunting, Nick Schmaltz, Evgeny Kuznetsov - PP : Michael Bunting, Nick Schmaltz - PK : Evgeny Kuznetsov
Extra Defensemen
Normal : Victor Hedman, Nikita Zadorov, Vince Dunn - PP : Victor Hedman - PK : Nikita Zadorov, Vince Dunn
Penalty Shots
Evgeny Kuznetsov, Michael Bunting, Nikita Kucherov, Tim Stutzle, Nick Bonino
% Time on Ice - Hartford Whalers
Lines # - Real PCT - Wanted PCT - Time Play
Normal Forward
1 - 32% - 35% - 16:03
2 - 32% - 30% - 15:58
3 - 21% - 25% - 10:42
4 - 15% - 10% - 7:47
Normal Defense
1 - 39% - 38% - 19:47
2 - 36% - 37% - 18:21
3 - 24% - 25% - 12:22
4 - 0% - 0% - 0:00
PP Forward
1 - 37% - 50% - 2:12
2 - 63% - 50% - 3:45
PP Defense
1 - 49% - 50% - 2:54
2 - 51% - 50% - 3:03
PK Forward
1 - 57% - 50% - 1:28
2 - 43% - 50% - 1:07
PK Defense
1 - 50% - 50% - 1:17
2 - 50% - 50% - 1:18
PK3 Forward
1 - 0% - 50%
2 - 0% - 50%
PK3 Defense
1 - 0% - 50%
2 - 0% - 50%
44 Forward
1 - 0% - 50%
2 - 0% - 50%
44 Defense
1 - 0% - 50%
2 - 0% - 50%
Last Minute Offensive - 0:00
Last Minute Defensive - 0:58
Total
Forward - 60:00
Defense - 60:00
|
% Time on Ice - Colorado Rockies
Lines # - Real PCT - Wanted PCT - Time Play
Normal Forward
1 - 30% - 30% - 15:14
2 - 32% - 30% - 16:13
3 - 24% - 25% - 11:49
4 - 14% - 15% - 7:00
Normal Defense
1 - 40% - 42% - 19:54
2 - 38% - 36% - 19:15
3 - 22% - 22% - 11:07
4 - 0% - 0% - 0:00
PP Forward
1 - 35% - 50% - 0:55
2 - 65% - 50% - 1:40
PP Defense
1 - 23% - 50% - 0:36
2 - 77% - 50% - 1:59
PK Forward
1 - 43% - 50% - 2:32
2 - 57% - 50% - 3:25
PK Defense
1 - 54% - 50% - 3:11
2 - 46% - 50% - 2:46
PK3 Forward
1 - 0% - 50%
2 - 0% - 50%
PK3 Defense
1 - 0% - 50%
2 - 0% - 50%
44 Forward
1 - 0% - 50%
2 - 0% - 50%
44 Defense
1 - 0% - 50%
2 - 0% - 50%
Last Minute Offensive - 1:12
Last Minute Defensive - 0:00
Total
Forward - 60:00
Defense - 60:00
|
Play-by-Play
1st period
0:01 of 1st period - Ryan O'Reilly wins face-off versus Alexander Wennberg in neutral zone.
0:34 of 1st period - Snap shot by Joshua Norris.
0:34 of 1st period - Stopped by Andrei Vasilevskiy without a rebound.
0:35 of 1st period - Casey Cizikas wins face-off versus Evgeny Kuznetsov in Colorado Rockies zone.
0:36 of 1st period - Snap shot by Josh Anderson.
0:36 of 1st period - Shot Misses the Net.
0:38 of 1st period - Slapshot by Erik Cernak.
0:38 of 1st period - Shot Blocked by Andrew Peeke.
0:53 of 1st period - Icing by Eetu Luostarinen.
0:54 of 1st period - Nick Bonino wins face-off versus Casey Cizikas in Hartford Whalers zone.
1:11 of 1st period - Slapshot by Josh Anderson.
1:11 of 1st period - Stopped by Andrei Vasilevskiy without a rebound.
1:12 of 1st period - Tim Stutzle wins face-off versus Ryan Strome in Colorado Rockies zone.
1:19 of 1st period - Snap shot by Tim Stutzle.
1:19 of 1st period - Shot Misses the Net.
1:39 of 1st period - Kyle Connor is hit by Olli Maatta and loses puck.
2:01 of 1st period - Off-side.
2:02 of 1st period - Kevin Hayes wins face-off versus Alexander Wennberg in neutral zone.
2:41 of 1st period - Snap shot by Kevin Hayes.
2:41 of 1st period - Deflect By Nick Schmaltz.
2:41 of 1st period - Stopped by Semyon Varlamov with a rebound.
3:05 of 1st period - Snap shot by Kevin Hayes.
3:05 of 1st period - Stopped by Semyon Varlamov with a rebound.
3:07 of 1st period - Snap shot by Nick Schmaltz.
3:07 of 1st period - Stopped by Semyon Varlamov with a rebound.
3:17 of 1st period - Snap shot by Nick Schmaltz.
3:17 of 1st period - Shot Misses the Net.
3:27 of 1st period - Wrist shot by Nick Schmaltz.
3:27 of 1st period - Shot Blocked by Thomas Chabot.
3:57 of 1st period - Taylor Hall is hit by Victor Hedman.
4:38 of 1st period - Snap shot by Evgeny Kuznetsov.
4:38 of 1st period - Shot Misses the Net.
4:59 of 1st period - Joel Edmundson is hit by Victor Hedman and loses puck.
5:06 of 1st period - Quinn Hughes is hit by Erik Cernak and loses puck.
5:11 of 1st period - Snap shot by Taylor Hall.
5:11 of 1st period - Shot Blocked by Victor Hedman.
6:14 of 1st period - Wrist shot by T.J. Oshie.
6:14 of 1st period - Shot Misses the Net.
6:26 of 1st period - Wrist shot by Taylor Hall.
6:26 of 1st period - Stopped by Andrei Vasilevskiy without a rebound.
6:27 of 1st period - Joshua Norris wins face-off versus Tim Stutzle in Colorado Rockies zone.
6:36 of 1st period - Snap shot by Joshua Norris.
6:36 of 1st period - Stopped by Andrei Vasilevskiy without a rebound.
6:37 of 1st period - Tim Stutzle wins face-off versus Joshua Norris in Colorado Rockies zone.
6:46 of 1st period - Snap shot by Andre Burakovsky.
6:46 of 1st period - Stopped by Andrei Vasilevskiy with a rebound.
6:48 of 1st period - Snap shot by Andre Burakovsky.
6:48 of 1st period - Deflect By Joshua Norris.
6:48 of 1st period - Stopped by Andrei Vasilevskiy with a rebound.
6:50 of 1st period - Slapshot by Nikita Zaitsev.
6:50 of 1st period - Deflect By Tim Stutzle.
6:50 of 1st period - Stopped by Andrei Vasilevskiy with a rebound.
7:25 of 1st period - Snap shot by Andre Burakovsky.
7:25 of 1st period - Shot Misses the Net.
7:27 of 1st period - Slapshot by Nikita Zaitsev.
7:27 of 1st period - Stopped by Andrei Vasilevskiy with a rebound.
7:59 of 1st period - Wrist shot by Joshua Norris.
7:59 of 1st period - Deflect By Andre Burakovsky.
7:59 of 1st period - Stopped by Andrei Vasilevskiy without a rebound.
8:00 of 1st period - Casey Cizikas wins face-off versus Ryan O'Reilly in Colorado Rockies zone.
8:21 of 1st period - Minor Penalty to Nikita Zadorov for Hooking.
8:22 of 1st period - Nick Bonino wins face-off versus Joshua Norris in Colorado Rockies zone.
8:45 of 1st period - Nick Bonino is hit by Josh Anderson and loses puck.
10:21 of 1st period - Penalty to Nikita Zadorov is over, Nikita Zadorov is back on ice.
10:39 of 1st period - Off-side.
10:40 of 1st period - Joshua Norris wins face-off versus Nick Bonino in neutral zone.
10:42 of 1st period - Off-side.
10:43 of 1st period - Joshua Norris wins face-off versus Nick Bonino in neutral zone.
10:46 of 1st period - Snap shot by Alexis Lafreniere.
10:46 of 1st period - Shot Misses the Net.
11:35 of 1st period - Off-side.
11:36 of 1st period - Casey Cizikas wins face-off versus Nick Bonino in neutral zone.
11:51 of 1st period - Slapshot by Josh Anderson.
11:51 of 1st period - Stopped by Andrei Vasilevskiy without a rebound.
11:52 of 1st period - Joshua Norris wins face-off versus Ryan O'Reilly in Colorado Rockies zone.
12:01 of 1st period - Snap shot by Ryan O'Reilly.
12:01 of 1st period - Shot Misses the Net.
12:28 of 1st period - Snap shot by Jesper Bratt.
12:28 of 1st period - Shot Misses the Net.
12:30 of 1st period - Wrist shot by Jesper Bratt.
12:30 of 1st period - Goal by Jesper Bratt - Hartford Whalers : 0 - Colorado Rockies : 1.
12:31 of 1st period - Casey Cizikas wins face-off versus Nikita Kucherov in neutral zone.
13:05 of 1st period - Snap shot by Kyle Palmieri.
13:05 of 1st period - Stopped by Semyon Varlamov without a rebound.
13:06 of 1st period - Tim Stutzle wins face-off versus Ryan Strome in Hartford Whalers zone.
13:21 of 1st period - Snap shot by David Pastrnak.
13:21 of 1st period - Shot Misses the Net.
13:23 of 1st period - Backhand shot by Martin Fehervary.
13:23 of 1st period - Shot Blocked by Marcus Foligno.
13:33 of 1st period - Andre Burakovsky is hit by Martin Fehervary and loses puck.
13:42 of 1st period - Slapshot by Joel Edmundson.
13:42 of 1st period - Deflect By Joshua Norris.
13:42 of 1st period - Stopped by Andrei Vasilevskiy without a rebound.
13:43 of 1st period - Nick Bonino wins face-off versus Casey Cizikas in Colorado Rockies zone.
14:10 of 1st period - Slapshot by Mike Hoffman.
14:10 of 1st period - Shot Blocked by Nick Bonino.
14:12 of 1st period - Wrist shot by Marcus Foligno.
14:12 of 1st period - Stopped by Andrei Vasilevskiy without a rebound.
14:13 of 1st period - Ryan Strome wins face-off versus Nikita Kucherov in Colorado Rockies zone.
14:17 of 1st period - Minor Penalty to Vince Dunn for Hooking.
14:18 of 1st period - Ryan O'Reilly wins face-off versus Alexander Wennberg in Colorado Rockies zone.
16:17 of 1st period - Penalty to Vince Dunn is over, Vince Dunn is back on ice.
16:25 of 1st period - Icing by Nikita Zaitsev.
16:26 of 1st period - Nick Bonino wins face-off versus Casey Cizikas in Hartford Whalers zone.
16:33 of 1st period - Slapshot by Kyle Palmieri.
16:33 of 1st period - Stopped by Semyon Varlamov without a rebound.
16:34 of 1st period - Joshua Norris wins face-off versus Jesper Bratt in Hartford Whalers zone.
16:59 of 1st period - Nikita Zadorov is hit by Eetu Luostarinen and loses puck.
17:31 of 1st period - Wrist shot by Taylor Hall.
17:31 of 1st period - Stopped by Andrei Vasilevskiy with a rebound.
17:49 of 1st period - Snap shot by Michael Bunting.
17:49 of 1st period - Stopped by Semyon Varlamov without a rebound.
17:50 of 1st period - Joshua Norris wins face-off versus Ryan O'Reilly in Hartford Whalers zone.
17:59 of 1st period - Snap shot by Andre Burakovsky.
17:59 of 1st period - Shot Misses the Net.
18:05 of 1st period - Erik Cernak is hit by Ryan O'Reilly and loses puck.
18:16 of 1st period - Tim Stutzle is hit by Erik Cernak and loses puck.
18:41 of 1st period - Slapshot by Nick Schmaltz.
18:41 of 1st period - Stopped by Semyon Varlamov with a rebound.
18:43 of 1st period - Snap shot by Nick Schmaltz.
18:43 of 1st period - Stopped by Semyon Varlamov without a rebound.
18:44 of 1st period - Evgeny Kuznetsov wins face-off versus Joshua Norris in Hartford Whalers zone.
18:51 of 1st period - Slapshot by Kevin Hayes.
18:51 of 1st period - Shot Misses the Net.
19:01 of 1st period - Nick Schmaltz is hit by Andre Burakovsky and loses puck.
19:18 of 1st period - Snap shot by Nikita Kucherov.
19:18 of 1st period - Shot Misses the Net.
19:56 of 1st period - Wrist shot by Kyle Palmieri.
19:56 of 1st period - Stopped by Semyon Varlamov with a rebound.
Goals for this period are 0 for Hartford Whalers vs 1 for Colorado Rockies.
Shots for this period are 13 for Hartford Whalers vs 10 for Colorado Rockies.
2nd period
0:01 of 2nd period - Alexander Wennberg wins face-off versus Ryan O'Reilly in neutral zone.
0:04 of 2nd period - Ryan O'Reilly is hit by Taylor Hall and loses puck.
0:13 of 2nd period - Slapshot by Andrew Peeke.
0:13 of 2nd period - Shot Blocked by Alexander Wennberg.
0:15 of 2nd period - Slapshot by Andrew Peeke.
0:15 of 2nd period - Shot Misses the Net.
0:17 of 2nd period - Wrist shot by Ryan O'Reilly.
0:17 of 2nd period - Stopped by Semyon Varlamov with a rebound.
0:27 of 2nd period - Taylor Hall is hit by Andrew Peeke and loses puck.
0:47 of 2nd period - Minor Penalty to T.J. Oshie for Holding.
0:48 of 2nd period - Tim Stutzle wins face-off versus Casey Cizikas in Hartford Whalers zone.
0:57 of 2nd period - Wrist shot by Kyle Connor.
0:57 of 2nd period - Deflect By Eetu Luostarinen.
0:57 of 2nd period - Shot Blocked by Nikita Zaitsev.
0:57 of 2nd period - Puck is out of play.
0:58 of 2nd period - Tim Stutzle wins face-off versus Eetu Luostarinen in Hartford Whalers zone.
1:03 of 2nd period - Snap shot by Kyle Connor.
1:03 of 2nd period - Shot Blocked by Jaccob Slavin.
1:05 of 2nd period - Snap shot by Nikita Kucherov.
1:05 of 2nd period - Shot Blocked by Jaccob Slavin.
1:07 of 2nd period - Snap shot by Kyle Connor.
1:07 of 2nd period - Stopped by Semyon Varlamov with a rebound.
1:09 of 2nd period - Backhand shot by Kyle Connor.
1:09 of 2nd period - Shot Blocked by Nikita Zaitsev.
1:11 of 2nd period - Slapshot by Tim Stutzle.
1:11 of 2nd period - Shot Blocked by Casey Cizikas.
1:15 of 2nd period - Wrist shot by Tim Stutzle.
1:15 of 2nd period - Shot Misses the Net.
1:17 of 2nd period - Slapshot by Nikita Kucherov.
1:17 of 2nd period - Shot Blocked by Casey Cizikas.
1:19 of 2nd period - Snap shot by David Pastrnak.
1:19 of 2nd period - Shot Blocked by Jaccob Slavin.
1:21 of 2nd period - Slapshot by Quinn Hughes.
1:21 of 2nd period - Shot Misses the Net.
1:23 of 2nd period - Wrist shot by Kyle Connor.
1:23 of 2nd period - Goal by Kyle Connor - Hartford Whalers : 0 - Colorado Rockies : 2.
1:24 of 2nd period - Ryan O'Reilly wins face-off versus Joshua Norris in neutral zone.
1:29 of 2nd period - Snap shot by Nikita Kucherov.
1:29 of 2nd period - Stopped by Semyon Varlamov with a rebound.
1:34 of 2nd period - Off-side.
1:35 of 2nd period - Eetu Luostarinen wins face-off versus Ryan O'Reilly in neutral zone.
2:26 of 2nd period - Slapshot by Thomas Chabot.
2:26 of 2nd period - Stopped by Andrei Vasilevskiy with a rebound.
2:28 of 2nd period - Wrist shot by Casey Cizikas.
2:28 of 2nd period - Shot Blocked by Vince Dunn.
2:30 of 2nd period - Backhand shot by Thomas Chabot.
2:30 of 2nd period - Shot Misses the Net.
2:32 of 2nd period - Slapshot by Jaccob Slavin.
2:32 of 2nd period - Shot Blocked by Vince Dunn.
2:34 of 2nd period - Snap shot by Casey Cizikas.
2:34 of 2nd period - Shot Blocked by Ryan O'Reilly.
2:40 of 2nd period - Wrist shot by Josh Anderson.
2:40 of 2nd period - Shot Misses the Net.
3:28 of 2nd period - Slapshot by Thomas Chabot.
3:28 of 2nd period - Stopped by Andrei Vasilevskiy with a rebound.
3:30 of 2nd period - Slapshot by Jaccob Slavin.
3:30 of 2nd period - Stopped by Andrei Vasilevskiy without a rebound.
3:31 of 2nd period - Tim Stutzle wins face-off versus Joshua Norris in Colorado Rockies zone.
3:38 of 2nd period - Snap shot by Joshua Norris.
3:38 of 2nd period - Stopped by Andrei Vasilevskiy with a rebound.
3:40 of 2nd period - Slapshot by Erik Cernak.
3:40 of 2nd period - Shot Blocked by Tim Stutzle.
3:42 of 2nd period - Snap shot by Joshua Norris.
3:42 of 2nd period - Shot Misses the Net.
3:44 of 2nd period - Snap shot by Joshua Norris.
3:44 of 2nd period - Shot Misses the Net.
3:52 of 2nd period - Minor Penalty to Quinn Hughes for Delaying the game.
3:53 of 2nd period - Alexander Wennberg wins face-off versus Tim Stutzle in Colorado Rockies zone.
4:20 of 2nd period - Victor Hedman is hit by Joshua Norris and loses puck.
5:52 of 2nd period - Penalty to Quinn Hughes is over, Quinn Hughes is back on ice.
5:54 of 2nd period - Andrew Peeke is hit by Marcus Foligno.
7:37 of 2nd period - Vince Dunn is hit by Ryan Strome and loses puck.
7:47 of 2nd period - Off-side.
7:48 of 2nd period - Joshua Norris wins face-off versus Tim Stutzle in neutral zone.
8:09 of 2nd period - T.J. Oshie is hit by Ryan O'Reilly and loses puck.
8:38 of 2nd period - Snap shot by Evgeny Kuznetsov.
8:38 of 2nd period - Shot Misses the Net.
8:40 of 2nd period - Wrist shot by Nick Schmaltz.
8:40 of 2nd period - Shot Blocked by Eetu Luostarinen.
9:10 of 2nd period - Snap shot by Andre Burakovsky.
9:10 of 2nd period - Stopped by Andrei Vasilevskiy with a rebound.
9:12 of 2nd period - Slapshot by Joel Edmundson.
9:12 of 2nd period - Deflect By Joshua Norris.
9:12 of 2nd period - Shot Blocked by Jesper Bratt.
9:12 of 2nd period - Puck is out of play.
9:13 of 2nd period - Tim Stutzle wins face-off versus Joshua Norris in Colorado Rockies zone.
9:28 of 2nd period - Wrist shot by Joshua Norris.
9:28 of 2nd period - Shot Misses the Net.
9:48 of 2nd period - Nikita Zaitsev is hit by Martin Fehervary and loses puck.
10:01 of 2nd period - Wrist shot by David Pastrnak.
10:01 of 2nd period - Shot Blocked by Nikita Zaitsev.
10:03 of 2nd period - Wrist shot by Tim Stutzle.
10:03 of 2nd period - Stopped by Semyon Varlamov without a rebound.
10:04 of 2nd period - Ryan O'Reilly wins face-off versus Joshua Norris in Hartford Whalers zone.
10:07 of 2nd period - Slapshot by Kyle Connor.
10:07 of 2nd period - Shot Blocked by Jaccob Slavin.
10:09 of 2nd period - Snap shot by Nikita Kucherov.
10:09 of 2nd period - Stopped by Semyon Varlamov without a rebound.
10:10 of 2nd period - Joshua Norris wins face-off versus Ryan O'Reilly in Hartford Whalers zone.
10:17 of 2nd period - Vince Dunn is hit by Andre Burakovsky and loses puck.
10:35 of 2nd period - Alexander Wennberg is hit by Evgeny Kuznetsov and loses puck.
11:00 of 2nd period - Wrist shot by Jesper Bratt.
11:00 of 2nd period - Stopped by Semyon Varlamov without a rebound.
11:01 of 2nd period - Tim Stutzle wins face-off versus Joshua Norris in Hartford Whalers zone.
11:58 of 2nd period - Snap shot by Andre Burakovsky.
11:58 of 2nd period - Stopped by Andrei Vasilevskiy with a rebound.
12:10 of 2nd period - Wrist shot by Tim Stutzle.
12:10 of 2nd period - Shot Blocked by Nikita Zaitsev.
12:12 of 2nd period - Wrist shot by Jesper Bratt.
12:12 of 2nd period - Shot Misses the Net.
12:14 of 2nd period - Slapshot by Vince Dunn.
12:14 of 2nd period - Stopped by Semyon Varlamov without a rebound.
12:15 of 2nd period - Ryan O'Reilly wins face-off versus Taylor Hall in Hartford Whalers zone.
12:40 of 2nd period - Quinn Hughes is hit by Thomas Chabot and loses puck.
13:05 of 2nd period - Wrist shot by Ryan Strome.
13:05 of 2nd period - Stopped by Andrei Vasilevskiy without a rebound.
13:06 of 2nd period - Ryan O'Reilly wins face-off versus Ryan Strome in Colorado Rockies zone.
13:08 of 2nd period - Andrew Peeke beats up Marcus Foligno.
13:08 of 2nd period - Penalty to Andrew Peeke for Fighting.
13:08 of 2nd period - Penalty to Marcus Foligno for Fighting.
13:08 of 2nd period - Penalty to Marcus Foligno for instigated a fight.
13:08 of 2nd period - Penalty to Marcus Foligno for instigated a fight.
13:09 of 2nd period - Alexander Wennberg wins face-off versus Jesper Bratt in neutral zone.
13:16 of 2nd period - Slapshot by Alexander Wennberg.
13:16 of 2nd period - Deflect By Josh Anderson.
13:16 of 2nd period - Shot Misses the Net.
13:16 of 2nd period - Puck is out of play.
13:17 of 2nd period - Alexander Wennberg wins face-off versus Ryan O'Reilly in Colorado Rockies zone.
13:28 of 2nd period - Snap shot by Jesper Bratt.
13:28 of 2nd period - Shot Misses the Net.
13:52 of 2nd period - Snap shot by Jesper Bratt.
13:52 of 2nd period - Shot Blocked by Erik Cernak.
13:54 of 2nd period - Snap shot by Nick Schmaltz.
13:54 of 2nd period - Shot Blocked by Erik Cernak.
13:56 of 2nd period - Slapshot by Vince Dunn.
13:56 of 2nd period - Shot Blocked by Casey Cizikas.
13:58 of 2nd period - Slapshot by Ryan O'Reilly.
13:58 of 2nd period - Shot Misses the Net.
14:22 of 2nd period - Slapshot by Nick Schmaltz.
14:22 of 2nd period - Stopped by Semyon Varlamov with a rebound.
15:04 of 2nd period - Wrist shot by David Pastrnak.
15:04 of 2nd period - Shot Hit the Post.
15:08 of 2nd period - Penalty to Marcus Foligno is over, Alexis Lafreniere is send on ice.
15:44 of 2nd period - Wrist shot by Kyle Palmieri.
15:44 of 2nd period - Stopped by Semyon Varlamov with a rebound.
16:10 of 2nd period - Icing by Martin Fehervary.
16:11 of 2nd period - Casey Cizikas wins face-off versus Nick Bonino in Colorado Rockies zone.
16:41 of 2nd period - Michael Bunting is hit by T.J. Oshie and loses puck.
17:09 of 2nd period - Kyle Palmieri is hit by Erik Cernak and loses puck.
17:14 of 2nd period - Snap shot by Josh Anderson.
17:14 of 2nd period - Shot Misses the Net.
17:49 of 2nd period - Ryan Strome is hit by Nick Schmaltz and loses puck.
18:31 of 2nd period - Backhand shot by Josh Anderson.
18:31 of 2nd period - Stopped by Andrei Vasilevskiy without a rebound.
18:32 of 2nd period - Nick Bonino wins face-off versus Casey Cizikas in Colorado Rockies zone.
18:47 of 2nd period - Snap shot by Josh Anderson.
18:47 of 2nd period - Shot Misses the Net.
18:59 of 2nd period - Slapshot by Kyle Connor.
18:59 of 2nd period - Stopped by Semyon Varlamov with a rebound.
19:57 of 2nd period - Snap shot by Josh Anderson.
19:57 of 2nd period - Shot Misses the Net.
Goals for this period are 0 for Hartford Whalers vs 1 for Colorado Rockies.
Shots for this period are 8 for Hartford Whalers vs 11 for Colorado Rockies.
3rd period
0:01 of 3rd period - Tim Stutzle wins face-off versus Alexander Wennberg in neutral zone.
0:23 of 3rd period - Icing by David Pastrnak.
0:24 of 3rd period - Ryan O'Reilly wins face-off versus Andre Burakovsky in Colorado Rockies zone.
0:29 of 3rd period - Andre Burakovsky is hit by Victor Hedman and loses puck.
2:48 of 3rd period - Erik Cernak is hit by Andrew Peeke and loses puck.
3:03 of 3rd period - Slapshot by Joshua Norris.
3:03 of 3rd period - Stopped by Andrei Vasilevskiy without a rebound.
3:04 of 3rd period - Alexander Wennberg wins face-off versus Tim Stutzle in Colorado Rockies zone.
3:09 of 3rd period - Snap shot by Taylor Hall.
3:09 of 3rd period - Shot Misses the Net.
3:11 of 3rd period - Slapshot by Nikita Zaitsev.
3:11 of 3rd period - Shot Misses the Net.
3:13 of 3rd period - Snap shot by Alexander Wennberg.
3:13 of 3rd period - Stopped by Andrei Vasilevskiy without a rebound.
3:14 of 3rd period - Alexander Wennberg wins face-off versus Tim Stutzle in Colorado Rockies zone.
3:21 of 3rd period - Wrist shot by Taylor Hall.
3:21 of 3rd period - Deflect By Jesper Bratt.
3:21 of 3rd period - Goal by Taylor Hall - Hartford Whalers : 1 - Colorado Rockies : 2.
3:22 of 3rd period - Tim Stutzle wins face-off versus Alexander Wennberg in neutral zone.
3:29 of 3rd period - Slapshot by Victor Hedman.
3:29 of 3rd period - Stopped by Semyon Varlamov without a rebound.
3:30 of 3rd period - Alexander Wennberg wins face-off versus Tim Stutzle in Hartford Whalers zone.
3:37 of 3rd period - Snap shot by David Pastrnak.
3:37 of 3rd period - Stopped by Semyon Varlamov without a rebound.
3:38 of 3rd period - Tim Stutzle wins face-off versus Alexander Wennberg in Hartford Whalers zone.
4:03 of 3rd period - Casey Cizikas is hit by Nick Schmaltz and loses puck.
4:08 of 3rd period - Snap shot by Evgeny Kuznetsov.
4:08 of 3rd period - Shot Misses the Net.
4:10 of 3rd period - Snap shot by Evgeny Kuznetsov.
4:10 of 3rd period - Stopped by Semyon Varlamov without a rebound.
4:11 of 3rd period - Alexander Wennberg wins face-off versus Evgeny Kuznetsov in Hartford Whalers zone.
4:11 of 3rd period - Alexander Wennberg is hit by Nick Schmaltz.
4:27 of 3rd period - Wrist shot by Evgeny Kuznetsov.
4:27 of 3rd period - Shot Blocked by Taylor Hall.
5:45 of 3rd period - Icing by Ryan Strome.
5:46 of 3rd period - Ryan Strome wins face-off versus Jesper Bratt in Hartford Whalers zone.
5:57 of 3rd period - Snap shot by Joshua Norris.
5:57 of 3rd period - Goal by Joshua Norris - Hartford Whalers : 2 - Colorado Rockies : 2.
5:58 of 3rd period - Tim Stutzle wins face-off versus Alexander Wennberg in neutral zone.
6:35 of 3rd period - Snap shot by T.J. Oshie.
6:35 of 3rd period - Deflect By Alexander Wennberg.
6:35 of 3rd period - Shot Blocked by Nikita Zadorov.
6:35 of 3rd period - Puck is out of play.
6:36 of 3rd period - Casey Cizikas wins face-off versus Tim Stutzle in Colorado Rockies zone.
6:37 of 3rd period - Snap shot by Josh Anderson.
6:37 of 3rd period - Stopped by Andrei Vasilevskiy without a rebound.
6:38 of 3rd period - Tim Stutzle wins face-off versus Casey Cizikas in Colorado Rockies zone.
6:51 of 3rd period - Snap shot by Josh Anderson.
6:51 of 3rd period - Shot Misses the Net.
6:53 of 3rd period - Slapshot by Jaccob Slavin.
6:53 of 3rd period - Deflect By Casey Cizikas.
6:53 of 3rd period - Stopped by Andrei Vasilevskiy without a rebound.
6:54 of 3rd period - Taylor Hall wins face-off versus Evgeny Kuznetsov in Colorado Rockies zone.
7:05 of 3rd period - Slapshot by Kevin Hayes.
7:05 of 3rd period - Shot Misses the Net.
7:07 of 3rd period - Snap shot by Kevin Hayes.
7:07 of 3rd period - Stopped by Semyon Varlamov without a rebound.
7:08 of 3rd period - Alexander Wennberg wins face-off versus Tim Stutzle in Hartford Whalers zone.
7:13 of 3rd period - Wrist shot by Alexander Wennberg.
7:13 of 3rd period - Stopped by Andrei Vasilevskiy with a rebound.
7:15 of 3rd period - Slapshot by Thomas Chabot.
7:15 of 3rd period - Deflect By Taylor Hall.
7:15 of 3rd period - Goal by Taylor Hall - Hartford Whalers : 3 - Colorado Rockies : 2.
7:16 of 3rd period - Alexander Wennberg wins face-off versus David Pastrnak in neutral zone.
7:25 of 3rd period - Slapshot by Alexander Wennberg.
7:25 of 3rd period - Stopped by Andrei Vasilevskiy without a rebound.
7:26 of 3rd period - T.J. Oshie wins face-off versus Tim Stutzle in Colorado Rockies zone.
7:33 of 3rd period - Backhand shot by Taylor Hall.
7:33 of 3rd period - Stopped by Andrei Vasilevskiy without a rebound.
7:34 of 3rd period - Tim Stutzle wins face-off versus Alexander Wennberg in Colorado Rockies zone.
7:41 of 3rd period - Slapshot by Quinn Hughes.
7:41 of 3rd period - Stopped by Semyon Varlamov without a rebound.
7:42 of 3rd period - Alexander Wennberg wins face-off versus Tim Stutzle in Hartford Whalers zone.
8:08 of 3rd period - 10 Minutes Misconduct Penalty to Marcus Foligno is over.
8:15 of 3rd period - Slapshot by Tim Stutzle.
8:15 of 3rd period - Stopped by Semyon Varlamov without a rebound.
8:16 of 3rd period - Joshua Norris wins face-off versus Evgeny Kuznetsov in Hartford Whalers zone.
8:47 of 3rd period - Slapshot by Nick Bonino.
8:47 of 3rd period - Stopped by Semyon Varlamov with a rebound.
8:49 of 3rd period - Wrist shot by Nick Bonino.
8:49 of 3rd period - Shot Blocked by Erik Cernak.
9:01 of 3rd period - Snap shot by Joshua Norris.
9:01 of 3rd period - Stopped by Andrei Vasilevskiy without a rebound.
9:02 of 3rd period - Ryan O'Reilly wins face-off versus Alexander Wennberg in Colorado Rockies zone.
9:12 of 3rd period - Alexander Wennberg is hit by Victor Hedman.
9:28 of 3rd period - Wrist shot by Ryan Strome.
9:28 of 3rd period - Stopped by Andrei Vasilevskiy with a rebound.
9:30 of 3rd period - Wrist shot by Marcus Foligno.
9:30 of 3rd period - Stopped by Andrei Vasilevskiy with a rebound.
9:32 of 3rd period - Slapshot by Marcus Foligno.
9:32 of 3rd period - Deflect By Kyle Connor.
9:32 of 3rd period - Shot Misses the Net.
9:32 of 3rd period - Puck is out of play.
9:33 of 3rd period - Evgeny Kuznetsov wins face-off versus Mike Hoffman in Colorado Rockies zone.
9:54 of 3rd period - Marcus Foligno is hit by Evgeny Kuznetsov and loses puck.
10:11 of 3rd period - Andrew Peeke is hit by Marcus Foligno and loses puck.
10:58 of 3rd period - Snap shot by Ryan Strome.
10:58 of 3rd period - Stopped by Andrei Vasilevskiy with a rebound.
11:59 of 3rd period - Off-side.
12:00 of 3rd period - Tim Stutzle wins face-off versus Alexander Wennberg in neutral zone.
12:40 of 3rd period - Snap shot by Alexis Lafreniere.
12:40 of 3rd period - Shot Blocked by Jesper Bratt.
12:58 of 3rd period - Snap shot by Casey Cizikas.
12:58 of 3rd period - Stopped by Andrei Vasilevskiy without a rebound.
12:59 of 3rd period - Ryan O'Reilly wins face-off versus Josh Anderson in Colorado Rockies zone.
13:06 of 3rd period - Nikita Zaitsev is hit by Nikita Kucherov and loses puck.
13:19 of 3rd period - Snap shot by Eetu Luostarinen.
13:19 of 3rd period - Stopped by Andrei Vasilevskiy with a rebound.
13:21 of 3rd period - Slapshot by Nikita Zaitsev.
13:21 of 3rd period - Deflect By Josh Anderson.
13:21 of 3rd period - Stopped by Andrei Vasilevskiy with a rebound.
13:33 of 3rd period - Wrist shot by Ryan O'Reilly.
13:33 of 3rd period - Stopped by Semyon Varlamov with a rebound.
13:35 of 3rd period - Slapshot by Nikita Zadorov.
13:35 of 3rd period - Stopped by Semyon Varlamov with a rebound.
13:37 of 3rd period - Slapshot by Ryan O'Reilly.
13:37 of 3rd period - Stopped by Semyon Varlamov with a rebound.
13:39 of 3rd period - Snap shot by Ryan O'Reilly.
13:39 of 3rd period - Shot Hit the Post.
13:41 of 3rd period - Slapshot by Nikita Zadorov.
13:41 of 3rd period - Deflect By Josh Anderson.
13:41 of 3rd period - Stopped by Semyon Varlamov without a rebound.
13:42 of 3rd period - Nick Bonino wins face-off versus Alexander Wennberg in Hartford Whalers zone.
13:45 of 3rd period - Wrist shot by Kyle Palmieri.
13:45 of 3rd period - Stopped by Semyon Varlamov with a rebound.
18:52 of 3rd period - Colorado Rockies, Andrei Vasilevskiy is pulled from the net.
19:22 of 3rd period - Slapshot by Eetu Luostarinen.
19:22 of 3rd period - Shot Blocked by Quinn Hughes.
19:44 of 3rd period - Snap shot by Nikita Kucherov.
19:44 of 3rd period - Shot Hit the Post.
19:52 of 3rd period - Wrist shot by Kyle Connor.
19:52 of 3rd period - Stopped by Semyon Varlamov with a rebound.
19:54 of 3rd period - Wrist shot by Ryan O'Reilly.
19:54 of 3rd period - Shot Misses the Net.
19:56 of 3rd period - Snap shot by Ryan O'Reilly.
19:56 of 3rd period - Stopped by Semyon Varlamov without a rebound.
19:57 of 3rd period - Bruce Cassidy call a timeout for Colorado Rockies.
19:57 of 3rd period - Casey Cizikas wins face-off versus Ryan O'Reilly in Hartford Whalers zone.
Goals for this period are 3 for Hartford Whalers vs 0 for Colorado Rockies.
Shots for this period are 17 for Hartford Whalers vs 14 for Colorado Rockies.
Back to the Top